 Dungeon Crawl Stone Soup version 0.19-a0-1065-gdac414d (webtiles) character file.

77 4thArraOfDagon the Chopper (level 4, -5/40 HPs)
             Began as a Deep Dwarf Berserker on Aug 3, 2016.
             Was a Follower of Trog.
             Slain by an orc
             ... wielding a cursed -1 short sword
              (6 damage)
             ... on level 3 of the Dungeon.
             The game lasted 00:01:53 (354 turns).

4thArraOfDagon the Chopper (Deep Dwarf Berserker)    Turns: 354, Time: 00:01:53

Health: -5/40      AC:  2    Str: 22    XL:     4   Next: 13%
Magic:  4/4        EV: 12    Int:  7    God:    Trog [*.....]
Gold:   43         SH:  0    Dex: 12    Spells: 0 memorised, 3 levels left

rFire  . . .     SeeInvis .     a - +0 hand axe
rCold  . . .     Gourm    .     b - +0 animal skin
rNeg   . . .     Faith    .     (no shield)
rPois  .         Spirit   .     (no helmet)
rElec  .         Dismiss  .     (no cloak)
rCorr  .         Reflect  .     (no gloves)
SustAt .         Harm     .     (no boots)
MR     .....                    (no amulet)
Stlth  +.........               (no ring)
                                (no ring)

@: non-regenerating
A: damage resistance, recharge devices, sense surroundings 1, slow regeneration
3
a: Device Recharging, Berserk, Burn Spellbooks, Renounce Religion


You were on level 3 of the Dungeon.
You worshipped Trog.
Trog was aware of your devotion.
You were very hungry.

You visited 1 branch of the dungeon, and saw 3 of its levels.

You collected 43 gold pieces.

Inventory:

Hand Weapons
 a - a +0 hand axe (weapon)
Armour
 b - a +0 animal skin (worn)
Wands
 c - a wand of heal wounds (4/9)
Scrolls
 e - a scroll of enchant weapon {unknown}
 f - a scroll of magic mapping {unknown}
 g - 2 scrolls of recharging {unknown}
 h - 2 scrolls of enchant armour {unknown}
 j - 3 scrolls of remove curse {unknown}
 k - a scroll of random uselessness {unknown}
 l - a scroll of fog {unknown}
 m - a scroll of identify {unknown}
Potions
 n - a potion of mutation {unknown}
Comestibles
 d - a bread ration
 i - a slice of pizza


   Skills:
 - Level 2.6 Fighting
 * Level 5.0 Axes
 + Level 3.1 Armour
 - Level 2.1 Dodging


You had 3 spell levels left.
You didn't know any spells.

Dungeon Overview and Level Annotations

Branches:
Dungeon (3/15)

Altars:


Innate Abilities, Weirdness & Mutations

You are resistant to damage.
You can recharge devices by infusing magical energy.
You passively map a small area around you.
You do not regenerate naturally.


Message History

You kill the orc!
Trog accepts your kill.
You barely miss the orc. You closely miss the orc.
The orc hits you with a dagger. The orc hits you with a short sword.
The orc wizard gestures at you while chanting.
The magic dart hits you!
* * * LOW HITPOINT WARNING * * *
Unknown command.
You barely miss the orc wizard. You barely miss the orc. You hit the orc.
You closely miss the orc. The orc hits you with a whip.
* * * LOW HITPOINT WARNING * * *
The orc hits you but does no damage. The orc completely misses you.
The orc wizard misses you.
You hit the orc wizard.
The orc wizard is lightly wounded.
You hit the orc. You hit the orc but do no damage. You hit the orc.
The orc hits you with a whip. The orc hits you with a dagger.
* * * LOW HITPOINT WARNING * * *
The orc hits you with a short sword!
You die...

...., * #.........# * ...o
#.........# ,..... , #.........#
,... , ##.......## ####.#
#########.....##
###....#####......####..##
#.........##......# ##..#####
#.........##.oo...# #........
#..<....)oSoo@)...####.#.#####
##.........##o..........#.####
#..........#........#####....##
#.#####.####.##.#..## ##.....#
#.# #.# #.##....#####...†.†. #.#
#..###...............†).. ###.#
##......#######......)... ....#
#####.............)........
..###...........###########......


You could see an orc wizard, an adder and 5 orcs.

Vanquished Creatures
  An orc wizard (D:3)
  3 adders (D:3)
  A giant gecko (D:1)
  4 orcs (D:3)
  3 goblins (D:3)
  2 hobgoblins
  3 jackals (D:3)
  A giant newt (D:2)
  4 kobolds
22 creatures vanquished.

Notes
Turn   | Place    | Note
-------+----------+-------------------------------------------
     0 | D:1      | 4thArraOfDagon the Deep Dwarf Berserker began the quest for the Orb.
     0 | D:1      | Reached XP level 1. HP: 20/20 MP: 1/1
   146 | D:3      | Reached XP level 2. HP: 27/27 MP: 2/2
   181 | D:3      | Reached skill level 4 in Axes
   231 | D:3      | Reached XP level 3. HP: 15/33 MP: 3/3
   280 | D:3      | Reached XP level 4. HP: 28/40 MP: 4/4
   286 | D:3      | Reached skill level 5 in Axes
   354 | D:3      | HP: 1/40 [orc/dagger (4)]
   354 | D:3      | Slain by an orc

Vault maps used:
D:1:      lightli_arrival_windingriver, minmay_domino_4
D:2:      kennysheep_generic_room_8
D:3:      trog_eyes_of_draining, portal_sewer_entry_d

Skill      XL: |  1  2  3  4 |
---------------+-------------+-----
Axes           | 4 5 |  5.0
Armour         | 3 |  3.1
Fighting       | |  2.6
Dodging        | |  2.1

Action                   |  1- 3 |  4- 6 || total
-------------------------+-------+-------++-------
Melee: Hand axe          |    54 |    10 ||    64
Invok: Berserk           |     4 |       ||     4
Evoke: Wand              |     1 |       ||     1
  Use: Potion            |     1 |       ||     1
  Eat: Chunk             |     1 |       ||     1
Armor: Animal skin       |    11 |     1 ||    12
Dodge: Dodged            |    52 |    12 ||    64
